AoeStats
← ccereal

Lombardia

509373901Analyzed
4v4 RM · 5d ago on Sep 26, 2026· 66m 26s· 8 players
Game mode
Random Map
Map size
Large (8 player)
Population
200
Speed
Normal
Resources
Standard
Victory
Conquest
Starting age
Dark Age
Ending age
Imperial Age
RankedLock teamsTeams togetherTeam positionsShared explorationLock speedFull tech treeHidden civsTurbo modeCheats
Victory
Defeat
🇫🇷 Saracens · France
1640
+14
🇫🇷 Goths · France
1590
+16
🇩🇪 Mapuche · Germany
1557
+18
🇫🇷 Khmer · France
1491
+20
🇬🇧 Varangians · United Kingdom
1631
-19
🇦🇺 Huns · Australia
1626
-18
🇵🇹 Mongols · Portugal
1571
-16
🇻🇳 Teutons · Vietnam
1549
-15
ChangT
12:00 Feudal Age
11:40 Loom
16:23 Castle Age
14:26 Double-Bit Axe
15:16 Horse Collar
17:31 Bow Saw
22:22 Wheelbarrow
22:54 Heavy Plow
23:37 Gold Mining
24:19 Hand Cart
25:52 Scale Mail Armor
27:34 Scale Barding Armor
27:41 Bloodlines
30:32 Imperial Age
28:17 Town Watch
28:53 Chain Barding Armor
28:44 Forging
28:52 Squires
29:21 Arson
29:51 Stone Mining
30:49 Cavalier
32:05 Plate Barding Armor
32:17 Iron Casting
31:46 Pikeman
32:11 Paladin
32:45 Capped Ram
33:12 Halberdier
36:16 Conscription
40:01 Blast Furnace
39:46 Chain Mail Armor
42:35 Plate Mail Armor
43:54 Elite Teutonic Knight
48:13 Fletching
48:51 Onager
50:46 Chemistry
50:07 Ballistics
53:44 Bombard Tower
Santoryu
4:40 Loom
11:41 Feudal Age
15:47 Castle Age
13:54 Double-Bit Axe
13:50 Horse Collar
21:53 Bow Saw
23:48 Wheelbarrow
25:34 Hand Cart
31:04 Imperial Age
28:27 Fletching
28:37 Padded Archer Armor
28:58 Fortified Wall
29:07 Heavy Plow
29:07 Bodkin Arrow
30:25 Leather Archer Armor
31:34 Caravan
32:00 Bracer
31:21 Elite Mangudai
33:04 Ballistics
33:44 Chemistry
34:01 Conscription
34:33 Drill
34:25 Bloodlines
34:15 Husbandry
35:14 Thumb Ring
35:34 Parthian Tactics
35:48 Hoardings
34:52 Onager
36:03 Capped Ram
37:21 Siege Ram
38:09 Siege Onager
57:17 Heavy Scorpion
61:30 Heavy Camel Rider
64:10 Siege Engineers
64:23 Light Cavalry
65:24 Hussar
ResonanceFreq
9:54 Feudal Age
11:40 Double-Bit Axe
14:03 Castle Age
12:56 Horse Collar
22:15 Wheelbarrow
22:31 Bow Saw
23:47 Hand Cart
24:45 Heavy Plow
28:12 Imperial Age
25:41 Gold Mining
25:52 Loom
25:53 Town Watch
26:26 Fletching
26:36 Padded Archer Armor
26:58 Ballistics
27:17 Gold Shaft Mining
27:17 Bodkin Arrow
28:38 Leather Archer Armor
28:57 Bracer
29:58 Chemistry
29:25 Parthian Tactics
29:16 Bloodlines
29:06 Husbandry
29:28 Thumb Ring
30:25 Leather Archer Armor
29:33 Heavy Cavalry Archer
31:06 Caravan
31:37 Coinage
31:17 Guilds
32:44 Two-Man Saw
35:25 Banking
50:23 Conscription
Ash
10:31 Feudal Age
11:28 Loom
14:28 Castle Age
12:17 Double-Bit Axe
13:58 Horse Collar
16:09 Bow Saw
16:22 Heavy Plow
21:44 Wheelbarrow
23:08 Hand Cart
22:39 Town Watch
30:03 Imperial Age
27:34 Town Patrol
29:05 Gold Mining
29:06 Stone Mining
29:41 Scale Barding Armor
29:47 Forging
29:56 Caravan
31:01 Chain Barding Armor
31:59 Conscription
31:00 Elite Jarl
32:10 Bloodlines
32:01 Husbandry
31:59 Fletching
32:45 Iron Casting
32:36 Ballistics
32:22 Siege Engineers
33:25 Chemistry
33:01 Plate Barding Armor
33:03 Iron Casting
32:47 Vendel Legacy
34:38 Elite Varangian Guard
36:55 Blast Furnace
35:50 Bodkin Arrow
36:07 Masonry
36:09 Fortified Wall
35:55 Murder Holes
36:05 Squires
35:50 Arson
35:33 Gothikon
37:19 Scale Mail Armor
37:17 Bodkin Arrow
37:59 Gambesons
39:07 Chain Mail Armor
38:53 Bracer
39:25 Architecture
42:33 Plate Mail Armor
45:35 Treadmill Crane
53:46 Guard Tower
Tonymontana
9:28 Feudal Age
13:40 Castle Age
14:47 Loom
16:53 Double-Bit Axe
18:31 Horse Collar
21:18 Bow Saw
22:19 Heavy Plow
23:06 Wheelbarrow
22:39 Gold Mining
24:40 Hand Cart
25:09 Gold Shaft Mining
28:15 Imperial Age
25:54 Town Watch
26:36 Stone Mining
27:11 Ballistics
27:03 Masonry
28:30 Fortified Wall
28:16 Fletching
29:02 Town Patrol
29:51 Stone Shaft Mining
29:49 Crop Rotation
31:39 Chemistry
30:41 Bodkin Arrow
31:24 Bracer
31:22 Heavy Scorpion
34:40 Double Crossbow
35:02 Conscription
35:21 Hoardings
35:19 Siege Engineers
43:49 Scale Barding Armor
43:55 Forging
43:40 Light Cavalry
44:31 Bloodlines
44:21 Husbandry
45:27 Hussar
48:15 Chain Barding Armor
48:31 Iron Casting
53:44 Plate Barding Armor
54:10 Blast Furnace
ccereal
7:11 Loom
10:06 Feudal Age
11:30 Double-Bit Axe
14:21 Castle Age
12:34 Horse Collar
15:30 Bow Saw
20:41 Wheelbarrow
21:27 Town Watch
23:57 Hand Cart
24:13 Stone Mining
24:13 Gold Mining
26:14 Heavy Plow
26:43 Fletching
26:54 Padded Archer Armor
27:54 Bodkin Arrow
30:56 Imperial Age
29:56 Ballistics
29:52 Leather Archer Armor
29:48 Masonry
31:21 Murder Holes
31:39 Bracer
32:41 Chemistry
34:52 Hoardings
35:03 Conscription
35:15 Siege Engineers
34:42 Crossbowman
35:27 Scale Mail Armor
35:38 Forging
35:35 Scale Barding Armor
35:47 Thumb Ring
35:43 Elite Mameluke
36:59 Iron Casting
36:25 Scale Mail Armor
36:56 Ring Archer Armor
39:26 Blast Furnace
39:07 Bloodlines
38:57 Husbandry
42:45 Arbalester
43:53 Chain Barding Armor
44:09 Gold Mining
45:20 Two-Man Saw
46:28 Plate Barding Armor
48:10 Elite Skirmisher
55:40 Caravan
60:40 Gold Shaft Mining
p0n0n0
11:14 Feudal Age
15:14 Castle Age
13:12 Double-Bit Axe
14:06 Horse Collar
16:15 Loom
16:45 Bow Saw
16:45 Heavy Plow
21:27 Wheelbarrow
23:31 Gold Mining
23:33 Stone Mining
24:33 Hand Cart
31:07 Imperial Age
28:57 Fletching
29:09 Padded Archer Armor
29:28 Scale Mail Armor
29:39 Forging
29:55 Ballistics
29:47 Bodkin Arrow
30:41 Gold Shaft Mining
30:42 Stone Shaft Mining
31:08 Leather Archer Armor
31:29 Elite Bolas Rider
33:18 Chemistry
33:49 Malon
34:58 Ring Archer Armor
34:55 Conscription
35:13 Butalmapu
44:09 Iron Casting
43:36 Elite Kona
44:52 Hoardings
44:34 Siege Engineers
44:46 Chain Mail Armor
46:47 Pikeman
47:13 Arson
49:58 Caravan
Frorok
10:44 Feudal Age
12:16 Double-Bit Axe
15:17 Castle Age
13:40 Horse Collar
16:46 Bow Saw
17:43 Loom
22:00 Wheelbarrow
23:40 Town Watch
24:57 Hand Cart
26:48 Stone Mining
28:08 Scale Mail Armor
28:18 Forging
31:06 Imperial Age
29:09 Chain Mail Armor
28:59 Gold Mining
29:15 Pikeman
29:55 Squires
30:32 Iron Casting
30:48 Anarchy
30:43 Fletching
30:56 Fletching
31:08 Elite Huskarl
33:36 Blast Furnace
32:58 Conscription
33:45 Perfusion
34:10 Halberdier
34:57 Bodkin Arrow
37:31 Two-Man Saw
37:09 Stone Shaft Mining
37:22 Bracer
37:50 Ballistics
37:41 Masonry
37:50 Heavy Plow
40:41 Chemistry
42:12 Architecture
41:54 Man-at-Arms
43:21 Crop Rotation
56:43 Long Swordsman
57:19 Two-Handed Swordsman
62:52 Champion
Connection lost

Rejoining the realm…

Still unreachable

The connection could not be restored.

Session expired

The server has moved on; the page needs a fresh start.